 Dungeon Crawl Stone Soup version 0.21-a0-193-g085b6a0 (webtiles) character file.

11141 Lavandula the Basher (level 12, -15/80 HPs)
             Began as a Formicid Artificer on Aug 14, 2017.
             Was a Believer of Hepliaklqana.
             Killed from afar by an orc sorcerer (35 damage)
             ... with a bolt of negative energy
             ... led by an orc warlord
             ... on level 1 of the Orcish Mines.
             The game lasted 00:59:07 (7479 turns).

Lavandula the Basher (Formicid Artificer)           Turns: 7479, Time: 00:59:08

Health: -15/80     AC:  9    Str: 21    XL:     12   Next: 4%
Magic:  0/17       EV: 13    Int: 14    God:    Hepliaklqana [**....]
Gold:   489        SH:  0    Dex: 14    Spells: 7/18 levels left

rFire    . . .     SeeInvis +   m - +2 whip (elec)
rCold    . . .     Gourm    .   (no shield)
rNeg     . . .     Faith    .   i - +2 animal skin
rPois    .         Spirit   +   (helmet unavailable)
rElec    .         Reflect  .   L - scarf {Spirit}
rCorr    .         Harm     .   s - +1 pair of gloves
MR       +....                  M - +2 pair of boots
Stlth    +.........             (no amulet)
HPRegen  0.23/turn              N - +3 ring of strength
MPRegen  0.15/turn              (no ring)

@: heavily drained
A: permanent stasis, dig shafts and tunnels, four strong arms, reduced essence,
antennae 3, blurry vision 1, clever 1, screaming 1
a: Dig, Shaft Self, Recall Ancestor, Ancestor Identity, Renounce Religion


You were on level 1 of the Orcish Mines.
You worshipped Hepliaklqana.
Hepliaklqana was pleased with you.
You were hungry.

You visited 3 branches of the dungeon, and saw 14 of its levels.
You also visited: Sewer.

You collected 876 gold pieces.
You spent 387 gold pieces at shops.

Inventory:

Hand Weapons
 g - the +1 broad axe of the Depths {holy, rC+ MR+}
   (You found it on level 8 of the Dungeon)

   It has been blessed by the Shining One to cause great damage to the undead
   and demons.
   It protects you from cold.
   It affects your resistance to hostile enchantments.
 h - a +1 mace of freezing
 m - a +2 whip of electrocution (weapon)
 p - a +1 flail of holy wrath
 B - a +3 flail
 C - a cursed +2 war axe of freezing
Missiles
 b - 3 tomahawks (quivered)
Armour
 i - a +2 animal skin (worn)
 o - a +2 robe of magic resistance
 s - a +1 pair of gloves (worn)
 L - a scarf of spirit shield (worn)
 M - a +2 pair of boots (worn)
Magical Staves
 n - an uncursed staff of wizardry
 I - an uncursed staff of fire
Jewellery
 N - a +3 ring of strength (left hand)
 Y - the ring "Oklolad" {+Inv rF- Str+5 SInv Stlth+}
   (You found it on level 9 of the Dungeon)

   [ring of stealth]

   It affects your strength (+5).
   It makes you vulnerable to fire.
   It lets you see invisible.
   It lets you turn invisible.
   It makes you more stealthy.
Wands
 c - a wand of flame (0/48)
 d - a wand of enslavement (8/24)
 e - a wand of random effects (2/48)
 q - a wand of paralysis (12/24)
 x - a wand of polymorph (0/24)
 G - a wand of clouds (0/9)
 P - a wand of random effects (18/48)
 R - a wand of flame (38/48)
 U - a wand of acid (7/15)
 Z - a wand of random effects (30/48)
Scrolls
 k - 2 scrolls of enchant weapon {unknown}
 y - a scroll of magic mapping
 z - 5 scrolls of remove curse
 E - 2 scrolls of fear
 K - a scroll of holy word
 O - a scroll of acquirement {unknown}
 Q - 2 scrolls of fog
 T - a scroll of immolation
 V - a scroll of recharging
 X - a scroll of amnesia
Potions
 a - a potion of might {unknown}
 t - 2 potions of brilliance
 D - 2 potions of lignification
 F - a potion of flight
 S - 2 potions of cancellation
Books
 r - a book of Necromancy

   Spells                             Type                      Level
   a - Pain                           Necromancy                   1
   b - Animate Skeleton               Necromancy                   1
   c - Vampiric Draining              Necromancy                   3
   d - Regeneration                   Charms/Necromancy            3
   e - Animate Dead                   Necromancy                   4
   f - Control Undead                 Necromancy                   4
 W - a book of Air

   Spells                             Type                      Level
   a - Shock                          Conjuration/Air              1
   b - Swiftness                      Charms/Air                   2
   c - Static Discharge               Conjuration/Air              3
   d - Airstrike                      Air                          4
   e - Lightning Bolt                 Conjuration/Air              5
Comestibles
 f - 6 bread rations
 l - 10 fruits
 w - 3 meat rations
 J - 2 royal jellies


   Skills:
 + Level 6.6(4.5) Fighting
   Level 3.5(1.6) Short Blades
 - Level 12.6(10.2) Maces & Flails
 - Level 5.1(3.1) Dodging
 - Level 1.2(0.0) Stealth
 - Level 3.6(1.7) Spellcasting
 - Level 4.4(2.5) Charms
 - Level 7.2(5.1) Necromancy
 - Level 3.2(1.4) Evocations


You had 7 spell levels left.
You knew the following spells:

 Your Spells              Type           Power        Failure   Level  Hunger
a - Regeneration          Chrm/Necr      ##........   16%         3    ####...
b - Animate Skeleton      Necr           N/A          3%          1    ##.....
c - Vampiric Draining     Necr           ###.......   9%          3    ####...
d - Animate Dead          Necr           N/A          28%         4    #####..


Dungeon Overview and Level Annotations

Branches:
Dungeon (11/15)            Temple (1/1) D:4            Lair (0/6) D:9
    Orc (2/2) D:11
    Elf: Orc:2

Altars:
Ashenzari
Cheibriados
Dithmenos
Elyvilon
Fedhas
Gozag
Hepliaklqana
Kikubaaqudgha
Makhleb
Nemelex Xobeh
Okawaru
Qazlal
Sif Muna
Trog
Uskayaw
Vehumet
Wu Jian
Xom
Yredelemnul
Zin
The Shining One

Shops:
D:8 [   D:9 *

Annotations:
D:4 Duvessa
D:8 WhatIsLove's ghost, novice DEFE
D:10 2 runed doors, shield of resistance!
Orc:2 Snorg


Innate Abilities, Weirdness & Mutations

You cannot be hasted, slowed, berserked, paralysed or teleported.
You can dig through walls and to a lower floor.
Your four strong arms can wield two-handed weapons with a shield.
You have a pair of large antennae on your head. (SInv)
Your life essence is reduced to manifest your ancestor. (-10% HP)
Scrolls take you a little longer to read.
Your mind is acute. (Int +2)
You occasionally shout uncontrollably at your foes.


Message History

Aim: an orc sorcerer, wielding a dagger and wearing a robe (moderately wounded, chance to defeat MR: 34%)
The orc sorcerer easily resists.
This wand has 8 charges left.
Impisi hits the hellwing with a quarterstaff!!
The orc sorcerer hits you but does no damage.
The hellwing closely misses you. The hellwing barely misses you.
Evoke which item? (* to show all) (? for menu, Esc to quit)
Aiming: Enslavement
Press: ? - help, Shift-Dir - straight line, f/p - orc sorcerer
Aim: an orc sorcerer, wielding a dagger and wearing a robe (moderately wounded, chance to defeat MR: 34%)
Okay, then.
Casting: Vampiric Draining
Confirm with . or Enter, or press ? or * to list all spells.
Aiming: Vampiric Draining
Press: ? - help, Shift-Dir - straight line, f/p - orc sorcerer
Aim: an orc sorcerer, wielding a dagger and wearing a robe (moderately wounded)
The orc sorcerer is heavily wounded.
You feel life coursing into your body. The orc sorcerer casts a spell at you.
The bolt of negative energy hits you!
You feel drained.
You die...

#####..........
##.###..##......
##...^...#....#.#
#.......##...#### ###
##............# # ## ##.##
##.........#..##. ##.###...#
##................
#...#....#####.................
#..##....#...@o.#...#.##......
#.............4............#..
##.#.....#....R........)......
####..##.....)#...........#.#
#..........>.#.........#...
##........ยง)..............#
##.........##)..........##
#..o##......#....###..###
##.##........#...# ##..##


You could see the friendly Impisi the battlemage, a hellwing, an orc sorcerer
and an orc (confused).

Vanquished Creatures
  An orc warlord (Orc:1)
  A two-headed ogre (D:9)
  An orc knight (D:11)
  The ghost of Lavandula the Cutter, a novice FoAr (D:10)
  Maurice (Orc:1)
  2 hippogriffs
  Eustachio (D:4)
  2 hungry ghosts
  The ghost of Lavandula the Charlatan, an amateur FoAr (D:4)
  4 wargs (D:11)
  7 orc warriors
  2 ice beasts (D:10)
  2 phantoms
  A necrophage (D:6)
  4 ogres
  3 centaurs
  A big kobold (D:10)
  A crocodile (D:11)
  Blork the orc (D:4)
  3 bullfrogs
  5 scorpions
  5 wights
  2 howler monkeys (D:7)
  4 crimson imps
  8 orc priests
  9 orc wizards
  4 quasits
  3 hounds
  2 centaur skeletons
  2 iguanas
  6 worker ants
  A hound skeleton (D:10)
  Robin (D:3)
  11 gnolls
  10 adders
  2 shadow imps
  2 oozes
  2 adder skeletons
  An adder zombie (D:6)
  3 worms
  5 leopard geckos
  34 orcs
  7 giant cockroaches
  21 goblins
  5 hobgoblins
  11 jackals
  6 kobolds
  7 ball pythons (Sewer)
  5 bats
  4 frilled lizards (Sewer)
  A leopard gecko skeleton (D:3)
  5 rats
234 creatures vanquished.

Vanquished Creatures (collateral kills)
  2 unseen horrors
  A troll (D:10)
  2 wargs (D:9)
  4 orc warriors
  2 sky beasts
  A necrophage (D:9)
  An ogre (D:9)
  A centaur (D:10)
  A bullfrog (Sewer)
  Dowan (D:4)
  A howler monkey (D:7)
  A wight (D:11)
  A jelly (D:9)
  An orc wizard (D:11)
  3 orc priests (D:11)
  2 iguanas
  A worker ant (D:6)
  An adder (D:8)
  2 gnolls
  A worm (D:6)
  10 orcs
  2 giant cockroaches
  A hobgoblin (D:11)
  A jackal (D:9)
  A quokka (D:7)
45 creatures vanquished.

Vanquished Creatures (others)
  5 battlemagi
  An ancestor (D:7)
  3 gnolls
  An orc (Orc:2)
  A hobgoblin (D:3)
11 creatures vanquished.

Grand Total: 290 creatures vanquished

Notes
Turn   | Place    | Note
-------+----------+-------------------------------------------
     0 | D:1      | Lavandula the Formicid Artificer began the quest for the Orb.
     0 | D:1      | Reached XP level 1. HP: 15/15 MP: 3/3
    17 | D:1      | You fall through a shaft!
    21 | D:2      | Reached XP level 2. HP: 21/21 MP: 4/4
    29 | D:2      | Found a sparkling altar of Nemelex Xobeh.
    65 | D:2      | Reached XP level 3. HP: 21/26 MP: 5/5
   159 | D:3      | Noticed an ogre
   217 | D:4      | Noticed Duvessa
   217 | D:4      | Noticed Dowan
   393 | D:3      | Reached XP level 4. HP: 28/32 MP: 6/6
   500 | D:3      | Noticed Robin
   545 | D:3      | Killed Robin
   865 | D:2      | Reached XP level 5. HP: 26/40 MP: 7/7
   929 | D:2      | Found a faded altar of an unknown god.
  1054 | D:4      | Noticed Lavandula's ghost (amateur FoAr)
  1076 | D:5      | Entered Level 5 of the Dungeon
  1184 | D:5      | Noticed a bullfrog
  1191 | D:5      | Killed a bullfrog
  1191 | D:5      | Reached skill level 2 in Maces & Flails
  1228 | D:4      | Noticed Blork the orc
  1244 | D:4      | Killed Blork the orc
  1244 | D:4      | Reached skill level 3 in Maces & Flails
  1244 | D:4      | Reached XP level 6. HP: 13/46 MP: 8/8
  1467 | D:4      | Killed Dowan
  1470 | D:4      | Reached skill level 4 in Maces & Flails
  1478 | D:4      | You fall through a shaft for 2 floors!
  1537 | D:6      | Reached XP level 7. HP: 28/51 MP: 9/9
  1645 | D:6      | Reached skill level 5 in Maces & Flails
  1758 | D:6      | Reached skill level 6 in Maces & Flails
  1771 | D:6      | Learned a level 3 spell: Regeneration
  1773 | D:6      | Learned a level 1 spell: Animate Skeleton
  2048 | D:6      | Reached XP level 8. HP: 19/57 MP: 10/10
  2077 | D:6      | HP: 2/57 [poisoned by an adder]
  2083 | D:6      | HP: 2/57 [poisoned by an adder]
  2091 | D:6      | HP: 1/57 [poisoned by an adder]
  2158 | D:6      | Found a glowing drain.
  2164 | Sewer    | Entered a sewer
  2459 | Sewer    | Reached skill level 7 in Maces & Flails
  2806 | D:5      | Reached skill level 8 in Maces & Flails
  3413 | D:4      | Found a burning altar of Makhleb.
  3414 | D:4      | Noticed Eustachio
  3419 | D:4      | Killed Lavandula's ghost
  3584 | D:3      | Reached XP level 9. HP: 44/62 MP: 11/11
  3627 | D:3      | Found a white marble altar of Elyvilon.
  3693 | D:4      | Killed Eustachio
  3793 | D:4      | Found a staircase to the Ecumenical Temple.
  3802 | Temple   | Entered the Ecumenical Temple
  3991 | Temple   | Became a worshipper of Hepliaklqana the Forgotten
  4161 | D:7      | Reached skill level 5 in Necromancy
  4187 | D:7      | Found a shadowy altar of Dithmenos.
  4311 | D:7      | Noticed a two-headed ogre
  4754 | D:7      | Learned a level 3 spell: Vampiric Draining
  4820 | D:7      | Reached skill level 1 in Spellcasting
  4900 | D:8      | Noticed WhatIsLove's ghost (novice DEFE)
  4928 | D:8      | Found Aghigh's Armour Shoppe.
  4937 | D:8      | Bought a scarf of spirit shield for 108 gold pieces
  4991 | D:8      | Found a bloodstained altar of Trog.
  4991 | D:8      | Found a stormy altar of Qazlal.
  5022 | D:8      | Got a bloodstained broad axe
  5023 | D:8      | Identified the +1 broad axe of the Depths {holy, rC+ MR+} (You found it on level 8 of the Dungeon)
  5084 | D:8      | Found a shattered altar of Ashenzari.
  5086 | D:8      | Found a deep blue altar of Sif Muna.
  5104 | D:8      | Noticed a hippogriff
  5108 | D:8      | Killed a hippogriff
  5154 | D:9      | Reached skill level 1 in Charms
  5154 | D:9      | Reached XP level 10. HP: 55/62 MP: 11/15
  5164 | D:9      | Learned a level 4 spell: Animate Dead
  5186 | D:9      | Found Xedut's General Store.
  5191 | D:9      | Bought a scroll of fog for 26 gold pieces
  5191 | D:9      | Bought 2 potions of cancellation for 208 gold pieces
  5191 | D:9      | Bought a scroll of immolation for 45 gold pieces
  5233 | D:8      | Reached * piety under Hepliaklqana
  5307 | D:9      | Noticed a two-headed ogre
  5435 | D:9      | Killed a two-headed ogre
  5453 | D:9      | Got a brightly glowing ivory ring
  5454 | D:9      | Identified the ring "Oklolad" {+Inv rF- Str+5 SInv Stlth+} (You found it on level 9 of the Dungeon)
  5474 | D:9      | Found a staircase to the Lair.
  5566 | D:9      | Reached skill level 5 in Dodging
  5640 | D:9      | Reached skill level 9 in Maces & Flails
  5643 | D:9      | Gained mutation: You have large cloven feet. [mutagenic meat]
  5644 | D:9      | Gained mutation: Your mind is acute. (Int +2) [mutagenic meat]
  5645 | D:9      | Lost mutation: You have large cloven feet. [mutagenic meat]
  5646 | D:9      | Gained mutation: You occasionally shout uncontrollably at your foes. [mutagenic meat]
  5647 | D:9      | Gained mutation: Scrolls take you a little longer to read. [mutagenic meat]
  5699 | D:10     | Entered Level 10 of the Dungeon
  5836 | D:10     | Noticed a fire dragon
  5839 | D:10     | Noticed an ice dragon
  5840 | D:10     | Found a runed door.
  5841 | D:10     | Found the +2 shield of Resistance {rF+ rC+ MR+}
  5841 | D:10     | Noticed a fire dragon
  5841 | D:10     | Noticed an ice dragon
  5841 | D:10     | Found a runed door.
  5889 | D:10     | Reached skill level 10 in Maces & Flails
  5967 | D:10     | Reached XP level 11. HP: 54/66 MP: 13/16
  6055 | D:10     | Noticed Lavandula's ghost (novice FoAr)
  6070 | D:10     | Killed Lavandula's ghost
  6125 | D:10     | Noticed an unseen horror
  6134 | D:10     | Killed an unseen horror
  6134 | D:10     | Reached skill level 11 in Maces & Flails
  6323 | D:11     | Found a staircase to the Orcish Mines.
  6345 | D:11     | Reached ** piety under Hepliaklqana
  6346 | D:11     | Remembered your ancestor Impisi as a battlemage
  6451 | Orc:1    | Entered Level 1 of the Orcish Mines
  6499 | Orc:1    | Noticed an orc knight
  6538 | D:11     | Reached skill level 12 in Maces & Flails
  6723 | D:11     | Noticed an unseen horror
  6728 | D:11     | Killed an unseen horror
  6984 | Orc:1    | Noticed Maurice
  6995 | Orc:1    | Killed Maurice
  7041 | Orc:2    | Entered Level 2 of the Orcish Mines
  7041 | Orc:2    | Noticed an orc warlord
  7041 | Orc:2    | Noticed an orc sorcerer
  7041 | Orc:2    | Noticed an orc sorcerer
  7160 | D:11     | Killed an orc knight
  7385 | Orc:1    | Killed an orc warlord
  7385 | Orc:1    | Reached XP level 12. HP: 60/80 MP: 9/17
  7410 | Orc:2    | Noticed an orc high priest
  7411 | Orc:2    | Noticed Snorg
  7479 | Orc:1    | Killed from afar by an orc sorcerer

Vault maps used:
D:1:      sevenhm_arrival_forest_fort_small_4
D:2:      lemuel_round_altar, chequers_ecumenical_altar_simple_redux,
          minmay_close_crescents, uniq_terence
D:3:      kennysheep_goblin_castle, first_bread, elyvilon_altar_5
D:4:      bloody_makhleb, temple_statues, uniq_eustachio, uniq_duvessa,
          uniq_blork_the_orc
D:5:      cheibrodos_quashed
D:6:      gup_sewer_entry_spiral
D:7:      grunt_dithmenos_smoke
D:8:      marbit_many_paths, chequers_temple_overflow_statue_of_worship,
          gammafunk_temple_overflow_wave, serial_shops, nicolae_shop_crystal
D:9:      erik_lair_orcish_takeover, serial_shops, nicolae_shop_statue_plus
D:10:     minmay_guarded_unrand_resistance
D:11:     erik_orc_3
Temple:   nicolae_temple_figure_eight
Orc:1:    uniq_maurice
Orc:2:    st_orc_mages, basic_altar, uniq_snorg
Sewer:    sewer_frog_island_01

Skill      XL: |  1  2  3  4  5  6  7  8  9 10 11 |
---------------+----------------------------------+-----
Short Blades   | 2 3 |  3.5
Fighting       | 2 6 |  6.6
Maces & Flails | 3 4 6 8 10 12 | 12.6
Necromancy     | 2 7 |  7.2
Spellcasting   | 3 |  3.6
Charms         | 1 4 |  4.4
Dodging        | 5 |  5.1
Stealth        | |  1.2
Evocations     | |  3.2

Action                   |  1- 3 |  4- 6 |  7- 9 | 10-12 || total
-------------------------+-------+-------+-------+-------++-------
Melee: Short sword       |    49 |    85 |       |       ||   134
       Whip              |       |    37 |   373 |   347 ||   757
Throw: Throwing net      |       |       |       |     1 ||     1
 Cast: Regeneration      |       |       |     3 |    23 ||    26
       Vampiric Draining |       |       |     1 |     5 ||     6
       Animate Dead      |       |       |       |     4 ||     4
Invok: Recall Ancestor   |       |       |     2 |     3 ||     5
       Ancestor Identity |       |       |     1 |       ||     1
       Ancestor Life: Ba |       |       |       |     1 ||     1
 Abil: Shaft Self        |     1 |     1 |       |       ||     2
       Dig               |     2 |     6 |    36 |    13 ||    57
Evoke: Wand              |     9 |    12 |    24 |     8 ||    53
  Use: Scroll            |       |     3 |    12 |     7 ||    22
       Potion            |       |       |       |     3 ||     3
 Stab: Sleeping          |     2 |     3 |     2 |     1 ||     8
       Distracted        |       |       |     1 |     1 ||     2
       Paralysed         |       |       |       |     8 ||     8
  Eat: Chunk             |       |     3 |    13 |    20 ||    36
       Royal jelly       |       |       |     2 |     1 ||     3
Armor: Leather armour    |    14 |     8 |    14 |       ||    36
       Animal skin       |       |    19 |    47 |    66 ||   132
       Robe              |       |       |     7 |       ||     7
Dodge: Dodged            |    30 |    52 |   162 |   151 ||   395
